 Dungeon Crawl Stone Soup version 0.29.1-1-gd02db6906a (webtiles) character file.

Game seed: 3470281792547002101

382 H0rd4k the Slasher (level 7, 0/52 HPs)
             Began as a Human Artificer on Oct 12, 2022.
             Slain by an ogre
             ... wielding a +0 giant club
              (19 damage)
             ... on level 4 of the Dungeon.
             The game lasted 00:04:39 (5202 turns).

H0rd4k the Slasher (Human Artificer)                Turns: 5202, Time: 00:04:39

Health: 0/52       AC:  7    Str: 13    XL:     7   Next: 5%
Magic:  7/7        EV: 12    Int: 13    God:
Gold:   204        SH:  0    Dex: 13    Spells: 6/6 levels left

rFire   . . .      SeeInvis .   z - +1 dagger (venom)
rCold   . . .      Faith    .   (no shield)
rNeg    . . .      Spirit   .   b - +0 leather armour
rPois   .          Reflect  .   (no helmet)
rElec   .          Harm     .   w - +2 cloak
rCorr   .          Rampage  .   (no gloves)
Will    .....                   q - +0 pair of boots
Stlth   +.........              (no amulet)
HPRegen 0.17/turn               f - ring of flight
MPRegen 0.10/turn               (no ring)

@: flying
A: no striking features
a: no special abilities


You were on level 4 of the Dungeon.
You visited 1 branch of the dungeon, and saw 4 of its levels.

You collected 204 gold pieces.

Inventory:

Hand Weapons
 o - a +0 falchion
 z - a +1 dagger of venom (weapon)
Missiles
 m - 6 poisoned darts (quivered)
 s - a throwing net
Armour
 b - a +0 leather armour (worn)
 q - a +0 pair of boots (worn)
 w - a +2 cloak (worn)
Jewellery
 f - a ring of flight (left hand)
Wands
 c - a wand of flame (14)
 d - a wand of charming (9)
 e - a wand of iceblast (5)
Scrolls
 a - 2 scrolls of enchant armour {unknown}
 h - a scroll of enchant weapon {unknown}
 k - a scroll of vulnerability {unknown}
 l - a scroll of summoning {unknown}
 n - a scroll of blinking {unknown}
 r - a scroll of poison {unknown}
 t - 2 scrolls of teleportation {unknown}
 u - a scroll of identify {unknown}
 y - a scroll of magic mapping {unknown}
Potions
 g - 2 potions of resistance {unknown}
 i - a potion of mutation {unknown}
 j - 3 potions of curing {unknown}
 p - a potion of might {unknown}
 v - a potion of ambrosia {unknown}
 x - a potion of heal wounds {unknown}


   Skills:
 + Level 3.6 Fighting
 * Level 3.9 Long Blades
 - Level 1.5 Maces & Flails
 - Level 2.0 Armour
 + Level 3.2 Dodging
 - Level 1.0 Stealth
 - Level 3.0 Evocations


You had 6 spell levels left.
You didn't know any spells.
Your spell library contained the following spells:

 Spells                   Type           Power      Damage    Failure   Level
 Freeze                   Ice            0%         1d3       36%         1
 Necrotise                Necr           0%         1d4       36%         1
 Frozen Ramparts          Ice            0%         1d1       75%         3
 Gell's Gravitas          Tloc           0%         N/A       75%         3
 Lesser Beckoning         Tloc           0%         N/A       75%         3
 Teleport Other           Tloc           0%         N/A       75%         3
 Vampiric Draining        Necr           0%         2d6       75%         3
 Hailstorm                Conj/Ice       0%         3d3       98%         4
 Ice Form                 Ice/Tmut       0%         N/A       98%         4
 Summon Ice Beast         Ice/Summ       0%         N/A       98%         4
 Agony                    Necr           0%         N/A       100%        5


Dungeon Overview and Level Annotations

Branches:
Dungeon (4/15)
 Temple: D:4-7

Altars:
Cheibriados
Elyvilon
Sif Muna

Shops:
D:2 :   D:3 [


Message History

Unknown command.
What are your orders? t - Shout!
Orders for allies: a - Attack new target. p - Attack previous target. r - Retreat! s - Stop attacking. g - Guard the area. f - Follow me.
Anything else - Cancel.
Okay, then.
Aiming: Charm
Press: ? - help, Shift-Dir - straight line, f/p - hound
Aim: a hound (moderately wounded, very poisoned, chance to affect: 65%)
The hound is charmed.
The ogre closely misses your hound.
Unknown command.
What are your orders? t - Shout!
Orders for allies: a - Attack new target. p - Attack previous target. r - Retreat! s - Stop attacking. g - Guard the area. f - Follow me.
Anything else - Cancel.
Guard this area!
Your hound bites the ogre. x2
The ogre hits your hound with a +0 giant club!
Your hound dies!
Aiming: Charm
Press: ? - help, Shift-Dir - straight line, f - ogre
Aim: an ogre, wielding a +0 giant club (moderately wounded, chance to affect: 56%)
The ogre resists with significant effort.
Unknown command.
What are your orders? t - Shout!
Orders for allies: a - Attack new target. p - Attack previous target. r - Retreat! s - Stop attacking. g - Guard the area. f - Follow me.
Anything else - Cancel.
Guard this area!
Aiming: Charm
Press: ? - help, Shift-Dir - straight line, f/p - ogre
Aim: an ogre, wielding a +0 giant club (moderately wounded, chance to affect: 56%)
The ogre resists with significant effort.
The ogre hits you with a +0 giant club!!
You die...

####################
#....>..........#...
#)#############.#...
#.#.###.#.....#.#...
#.#.. .......#.#...
#.#.####..$..##.#...
###.#@OO........#.#...
#....#####......#.#...
#...............#.#...
#..######.#####.#.#...
#.. #. #.#... ##.
#.#### #.##.# #. #.#..
#.##.# #. #.#.# #.##.#
#. #.#####.##.#


You could see 2 ogres.

Vanquished Creatures
  An ice beast (D:4)
  An orc priest (D:3)
  An iguana (D:4)
  4 gnolls (D:3)
  An adder (D:3)
  4 worms
  A dart slug (D:1)
  6 orcs (D:3)
  6 ball pythons
  6 endoplasms
  4 goblins
  6 hobgoblins
  4 jackals
  3 quokkas
  7 bats
  4 frilled lizards
  5 kobolds
  3 rats (D:1)
67 creatures vanquished.

Vanquished Creatures (collateral kills)
  A necrophage (D:3)
  3 gnolls (D:3)
  A dart slug (D:3)
  2 goblins (D:3)
  A hobgoblin (D:1)
  A jackal (D:1)
9 creatures vanquished.

Vanquished Creatures (others)
  A hound (D:4)
1 creature vanquished.

Grand Total: 77 creatures vanquished

Notes
Turn   | Place    | Note
-------+----------+-------------------------------------------
     0 | D:1      | H0rd4k the Human Artificer began the quest for the Orb.
     0 | D:1      | Reached XP level 1. HP: 15/15 MP: 1/1
   155 | D:1      | Reached XP level 2. HP: 21/21 MP: 2/2
   485 | D:1      | Reached skill level 1 in Maces & Flails
   719 | D:1      | Reached XP level 3. HP: 6/27 MP: 3/3
  1756 | D:2      | Found a shimmering blue altar of Sif Muna.
  1813 | D:2      | Found Laduigob's Book Boutique.
  2254 | D:2      | Found a faded altar of an unknown god.
  2868 | D:3      | Found a faded altar of an unknown god.
  2873 | D:3      | Found a snail-covered altar of Cheibriados.
  3112 | D:3      | Reached XP level 4. HP: 25/33 MP: 4/4
  3186 | D:3      | Reached skill level 1 in Long Blades
  3358 | D:3      | Reached XP level 5. HP: 39/39 MP: 5/5
  3842 | D:3      | Reached XP level 6. HP: 12/47 MP: 6/6
  4292 | D:3      | Found Wimpo's Armour Shop.
  4418 | D:3      | Found a white marble altar of Elyvilon.
  4562 | D:4      | Noticed an ice beast
  4576 | D:4      | Killed an ice beast
  5068 | D:4      | Reached XP level 7. HP: 47/52 MP: 7/7
  5202 | D:4      | Slain by an ogre

Illustrated notes

Levels and vault maps discovered:
D:1:      saegor_arrival_simple_a, layout_basic, minmay_crystal_room,
          amethyst_killhole, minivault_5, reono_crystal_passage,
          minmay_misc_feat_tower
D:2:      layout_loops_cross, ebering_ecumenical_altar_box, serial_shops,
          nicolae_shop_hallway_plus, basic_altar
D:3:      layout_rooms, nicolae_overflow_ecumenical_swirl, elyvilon_altar_1,
          serial_curves, eino_curves_03, eino_curves_02, serial_shops, shop,
          minmay_diced_spiral
D:4:      layout_basic

Skill      XL: |  1  2  3  4  5  6 |
---------------+-------------------+-----
Maces & Flails | 1 |  1.5
Fighting       | 2 3 |  3.6
Dodging        | 2 3 |  3.2
Long Blades    | 1 2 3 |  3.9
Armour         | |  2.0
Stealth        | |  1.0
Evocations     | |  3.0

Action                   |  1- 3 |  4- 6 |  7- 9 || total
-------------------------+-------+-------+-------++-------
Melee: Club              |   107 |       |       ||   107
       Punch             |     3 |     2 |       ||     5
       Falchion          |    38 |    76 |       ||   114
       Dagger            |       |    27 |    12 ||    39
Evoke: Wand              |     1 |    23 |     4 ||    28
 Stab: Sleeping          |     3 |       |       ||     3
Armor: Leather armour    |    70 |    24 |     3 ||    97
Dodge: Dodged            |   111 |    59 |     8 ||   178
